 Dungeon Crawl Stone Soup version 0.30-b1-2-g02819fbbbe (webtiles) character file.

Game seed: 13508866904751418325

62 MiniNoises the Shield-Bearer (level 3, -1/33 HPs)
             Began as a Minotaur Fighter on July 3, 2023.
             Succumbed to their own poison gas
             ... on level 3 of the Dungeon.
             The game lasted 00:09:35 (1427 turns).

MiniNoises the Shield-Bearer (Minotaur Fighter)     Turns: 1427, Time: 00:09:35

Health: -1/33      AC:  7    Str: 22    XL:     3   Next: 85%
Magic:  2/2        EV:  9    Int:  5    God:
Gold:   45         SH:  4    Dex:  9    Spells: 2/2 levels left

rFire   . . .        g - +0 dagger (venom)
rCold   . . .        c - +0 buckler
rNeg    . . .        b - +0 scale mail
rPois   .            (helmet restricted)
rElec   .            (no cloak)
rCorr   .            (no gloves)
SInv    .            (no boots)
Will    .....        (no amulet) Stlth
                     (no ring)
HPRegen 0.25/turn    (no ring)
MPRegen 0.08/turn

%: no passive effects
@: lethally poisoned (-1 -> -24), silenced
A: horns 2, retaliatory headbutt
a: no special abilities


You were on level 3 of the Dungeon.
You visited 1 branch of the dungeon, and saw 3 of its levels.

You collected 45 gold pieces.

Inventory:

Hand Weapons
 a - a +0 trident
 g - a +0 dagger of venom (weapon)
 h - a +0 dagger
 l - a +0 short sword of speed
Missiles
 f - 29 stones (quivered)
 j - 6 poisoned darts
 n - 3 silver boomerangs
Armour
 b - a +0 scale mail (worn)
 c - a +0 buckler (worn)
 i - a +0 robe
 s - a +0 ring mail
Scrolls
 k - 2 scrolls of identify
 p - a scroll of enchant armour
Potions
 d - a potion of might
 e - a potion of attraction {unknown}
 m - a potion of flight {unknown}
 o - a potion of berserk rage {unknown}
 u - a potion of haste {unknown}


   Skills:
 + Level 4.1 Fighting
 + Level 1.0 Short Blades
 + Level 2.7 Polearms
 + Level 4.3 Armour
 + Level 0.7 Dodging
 + Level 4.3 Shields


You had 2 spell levels left.
You didn't know any spells.
Your spell library was empty.

Dungeon Overview and Level Annotations

Branches:
Dungeon (3/15)

Altars:


Innate Abilities, Weirdness & Mutations

You have a pair of horns on your head.
You reflexively headbutt those who attack you in melee.


Message History

Found a scroll labelled QAXZOS DERATO and a scroll labelled GUCVAE PEIZE.
A dart slug comes into view.
Found a blue potion.
There is an open door here.
You see here a scroll labelled QAXZOS DERATO.
You hit the dart slug but do no damage.
The dart slug is poisoned.
You hit the dart slug.
The dart slug looks even sicker.
The dart slug is severely wounded.
You kill the dart slug!
t - a scroll labelled QAXZOS DERATO
There are no items here.
k - 3 scrolls labelled GUCVAE PEIZE (gained 1)
u - a blue potion
As you read the scroll labelled GUCVAE PEIZE, it crumbles to dust.
It is a scroll of identify.
p - a scroll of enchant armour
As you read the scroll labelled CAJ CESELIMU, it crumbles to dust.
You hear a loud clanging noise!
It was a scroll of noise.
You hear a shout! x4
Unknown command.
The air fills with toxic fumes!
As you read the scroll labelled MEUKKI DUUPAUC, it crumbles to dust.
It was a scroll of poison.
As you read the scroll labelled QAXZOS DERATO, it crumbles to dust.
A profound silence engulfs you.
It was a scroll of silence.
Really walk into that cloud of poison gas?
Uppercase [Y]es or [N]o only, please.
Really walk into that cloud of poison gas?
You are engulfed in poison gas.
You are poisoned.
You feel very sick.
You feel very sick.
Really walk into that cloud of poison gas?
You are engulfed in poison gas.
You are more poisoned.
You feel very sick.
You are engulfed in poison gas.
You are more poisoned.
* * * LOW HITPOINT WARNING * * *
You feel extremely sick.
You die...

#################
................#
.........######.##
..................
..........#.....#
..........#...#@#
.........[..###§#
........§§§☼☼§.§#
#######'#§§######
#....# #....#
########....#
............####
..†...>........#


There were no monsters in sight!

Vanquished Creatures
  A worm (D:2)
  3 dart slugs
  3 bats
  4 endoplasms
  4 giant cockroaches
  7 goblins
  5 hobgoblins
  2 jackals (D:1)
  4 quokkas
  A ball python (D:1)
  2 frilled lizards (D:2)
  8 kobolds
  3 rats
47 creatures vanquished.

Notes
Turn   | Place    | Note
-------+----------+-------------------------------------------
     0 | D:1      | MiniNoises the Minotaur Fighter began the quest for the
                  | Orb.
     0 | D:1      | Reached XP level 1. HP: 19/19 MP: 0/0
    49 | D:1      | Reached XP level 2. HP: 10/27 MP: 1/1
   416 | D:1      | Reached XP level 3. HP: 21/33 MP: 2/2
  1167 | D:2      | Reached skill level 1 in Short Blades
  1427 | D:3      | Succumbed to their own poison gas

Illustrated notes

Levels and vault maps discovered:
D:1:      kennysheep_arrival_forest, layout_rooms, minmay_split_cup_large
D:2:      layout_rooms
D:3:      layout_basic, grunt_ministairs_2

Skill      XL: |  1  2  3 |
---------------+----------+-----
Fighting       | 4 |  4.1
Armour         | 4 |  4.3
Shields        | 4 |  4.3
Short Blades   | 1 |  1.0
Polearms       | |  2.7
Dodging        | |  0.7

Action                     || total
---------------------------++-------
  Melee: Trident           ||    23
         Headbutt          ||    21
         Dagger            ||    73
  Throw: Stone             ||     5
    Use: Scroll            ||     4
 Armour: Scale mail        ||    53
  Dodge: Dodged            ||    70
  Block: Buckler           ||    30
